 Dungeon Crawl Stone Soup version 0.18-a0-1789-gbeff17f (webtiles) character file.

93 dobroeutro the Covered (level 4, -4/29 HPs)
             Began as a Gargoyle Fighter on Apr 21, 2016.
             Slain by Sigmund
             ... wielding a +0 scythe of protection
              (8 damage)
             ... on level 2 of the Dungeon.
             The game lasted 00:03:08 (1366 turns).

dobroeutro the Covered (Gargoyle Fighter)           Turns: 1366, Time: 00:03:09

Health: -4/29      AC: 11    Str: 21    XL:     4   Next: 61%
Magic:  4/4        EV:  7    Int:  8    God:
Gold:   35         SH:  9    Dex:  9    Spells: 0 memorised, 3 levels left

rFire  . . .     SeeInvis .     a - +0 flail
rCold  . . .     Gourm    .     b - +0 scale mail
rNeg   + . .     Faith    .     c - +0 shield
rPois  ∞         Spirit   .     l - +0 helmet
rElec  +         Dismiss  .     (no cloak)
rCorr  .         Reflect  .     (no gloves)
SustAt .         Harm     .     (no boots)
MR     .....                    (no amulet)
Stlth  ..........               (no ring)
                                (no ring)

@: not resistant to hostile enchantments, extremely unstealthy
A: negative energy resistance 1, electricity resistance, unbreathing,
petrification resistance, rot immunity, AC +3
a: no special abilities


You were on level 2 of the Dungeon.
You were very hungry.

You visited 1 branch of the dungeon, and saw 2 of its levels.

You collected 35 gold pieces.

Inventory:

Hand Weapons
 a - a +0 flail (weapon)
Armour
 b - a +0 scale mail (worn)
 c - a +0 shield (worn)
 l - a +0 helmet (worn)
Scrolls
 e - a scroll of magic mapping {unknown}
 i - 4 scrolls of identify {unknown}
 m - a scroll of remove curse {unknown}
Potions
 d - a potion of might
 h - a potion of brilliance {unknown}
 j - 2 potions of magic {unknown}
 k - a potion of curing {unknown}
Comestibles
 f - a bread ration
 g - 2 meat rations


   Skills:
 + Level 3.8 Fighting
 + Level 2.9 Maces & Flails
 + Level 4.1 Armour
 + Level 4.0 Shields


You had 3 spell levels left.
You didn't know any spells.

Dungeon Overview and Level Annotations

Branches:
Dungeon (2/15)

Altars:
Nemelex Xobeh

Annotations:
D:2 Sigmund


Innate Abilities, Weirdness & Mutations

You are resistant to torment.
Your stone body is resilient (AC +3).
You are immune to poison.
You resist negative energy.
You are resistant to electric shocks.
You can survive without breathing.
You are immune to petrification.
You are immune to rotting.


Message History

You hit something. Something completely misses you.
You hit something. You block something's attack.
You miss something. Something hits you but does no damage.
You are feeling very hungry.
You closely miss something.
You hear some strange, mumbled words.
A puff of flame appears from out of thin air!
You block the puff of flame.
You hit something but do no damage.
You hear some strange, mumbled words.
A puff of flame appears from out of thin air!
The puff of flame hits you!
You miss something. You block something's attack.
You closely miss something.
You hear some strange, mumbled words.
A puff of flame appears from out of thin air!
The puff of flame hits you!
* * * LOW HITPOINT WARNING * * *
You miss something. Something hits you!
You die...

.. #.# #.# ##### #.#
#{..# #.# ###@#.###
#.#
#.$<#...########.#
#.#####..........###
#. #...########....
# #.#####........)
... ###.#.#{##.##
##. #..........# #.
#.#.#.#)##.# .
#.##)†.###.#


There were no monsters in sight!

Vanquished Creatures
  4 gnolls
  An ooze (D:2)
  4 dart slugs
  3 hobgoblins
  5 jackals
  5 bats
  3 giant newts
  9 goblins
  5 kobolds
  4 rats (D:1)
43 creatures vanquished.

Notes
Turn   | Place    | Note
--------------------------------------------------------------
     0 | D:1      | dobroeutro the Gargoyle Fighter began the quest for the Orb.
     0 | D:1      | Reached XP level 1. HP: 14/14 MP: 1/1
    83 | D:1      | Reached XP level 2. HP: 18/19 MP: 2/2
   556 | D:2      | Reached XP level 3. HP: 18/23 MP: 3/3
   963 | D:2      | Reached XP level 4. HP: 28/28 MP: 4/4
  1003 | D:2      | Found a sparkling altar of Nemelex Xobeh.
  1208 | D:2      | Noticed Sigmund
  1366 | D:2      | Slain by Sigmund

Vault maps used:
D:1:      mrwooster_arrival_statue
D:2:      nicolae_overflow_hidden_temple, amethyst_killhole,
          lemuel_statue_altar, uniq_terence, uniq_jessica, uniq_sigmund

Skill      XL: |  1  2  3  4 |
---------------+-------------+-----
Armour         | 4 |  4.1
Shields        | 4 |  4.0
Fighting       | |  3.8
Maces & Flails | |  2.9

Action                   |  1- 3 |  4- 6 || total
-------------------------+-------+-------++-------
Melee: Flail             |   124 |    89 ||   213
  Eat: Chunk             |       |     1 ||     1
Armor: Scale mail        |    84 |    52 ||   136
Dodge: Dodged            |    44 |    24 ||    68
Block: Shield            |    90 |    49 ||   139
